 Dungeon Crawl Stone Soup version 0.17-a0-1515-gfae3d72 (webtiles) character file.

219 namelastname112 the Cutter (level 5, 0/40 HPs)
             Began as a Draconian Skald on July 12, 2015.
             Succumbed to poison (a potion of poison)
             ... on level 4 of the Dungeon.
             The game lasted 00:05:30 (3107 turns).

namelastname112 the Cutter (Draconian Skald)        Turns: 3107, Time: 00:05:30

Health: 0/40       AC:  5    Str: 12      XL:     5   Next: 63%
Magic:  8/8        EV: 12    Int: 13      God:
Gold:   146        SH:  0    Dex:  7 (11) Spells: 1 memorised, 7 levels left

rFire  + . .     SeeInvis .     (no weapon)
rCold  + . .     Clarity  .     (armour unavailable)
rNeg   . . .     SustAt   .     (no shield)
rPois  +         Gourm    .     (helmet restricted)
rElec  +         Spirit   .     (no cloak)
rCorr  +         Warding  .     (no gloves)
rMut   .         Stasis   .     (no boots)
MR     .....                    (no amulet)
Stlth  ++........               (no ring)
                                (no ring)

@: lethally poisoned (0 -> -1), resistant, not resistant to hostile
enchantments, unstealthy
A: unfitting armour, big wings, blurry vision 1, frail 1, weak 1, cold-blooded,
MP-powered wands, AC +5
a: Fly


You were on level 4 of the Dungeon.
You were very hungry.

You visited 1 branch of the dungeon, and saw 4 of its levels.

You collected 146 gold pieces.

Inventory:

Hand weapons
 g - a +0 dagger
 k - a +1 spear of venom
Missiles
 l - 8 needles of sleeping
Scrolls
 a - 3 scrolls of magic mapping {unknown}
 d - 4 scrolls of enchant weapon {unknown}
 e - a scroll of teleportation {unknown}
 h - 7 scrolls of remove curse {unknown}
 i - a scroll of blinking {unknown}
 m - 3 scrolls of identify {unknown}
 n - a scroll of recharging {unknown}
 s - a scroll of random uselessness {unknown}
 t - a scroll of immolation {unknown}
 v - a scroll of noise {unknown}
Potions
 w - 3 potions of degeneration
Books
 b - a book of Battle

   Spells                             Type                      Level
   a - Infusion                       Charms                       1
   b - Shroud of Golubria             Charms/Translocation         2
   c - Song of Slaying                Charms                       2
   d - Spectral Weapon                Hexes/Charms                 3
   e - Regeneration                   Charms/Necromancy            3
Comestibles
 c - a bread ration
 j - 3 fruits
 p - 2 meat rations


   Skills:
 + Level 3.1 Fighting
 * Level 3.7 Short Blades
 + Level 2.3 Dodging
 * Level 3.3 Stealth
 - Level 2.0 Spellcasting
 - Level 2.6 Charms


You had 7 spell levels left.
You knew the following spells:

 Your Spells              Type           Power        Failure   Level  Hunger
a - Infusion              Chrm           #.....       10%         1    ##.....


Dungeon Overview and Level Annotations

Branches:
Dungeon (4/15)
 Temple: D:4-7

Altars:


Innate Abilities, Weirdness & Mutations

Your plain brown scales are hard (AC +5).
Your body does not fit into most forms of armour.
You are cold-blooded and may be slowed by cold attacks.
Your large and strong wings let you fly indefinitely.
Scrolls take you a little longer to read.
You are frail (-10% HP).
You are weak. (Str -2)
You expend magic power (3 MP) to strengthen your wands.


Message History

Why would you want to do that?
Drink which item? (? for menu, Esc to quit)
Why would you want to do that?
Things that are here:
a dagger; a robe; an orc corpse A bat comes into view.
* * * LOW HITPOINT WARNING * * *
You feel sick.
Things that are here:
a trident; a scale mail
Things that are here:
a dagger; a robe; an orc corpse You are alive.
You are lethally poisoned (1 -> 0).
You resist elements.
Your movement speed is average.
Your attack speed is average.
Your base attributes are Str 14, Int 13, Dex 11.
You are not resistant to hostile enchantments.
You feel unstealthy.
A jackal comes into view.
The jackal barks!
You die...

... ............. >..
......†.##### ..
.....[..##### #.#
.######†....# #..
##.#######.. #.##
###...#######.
#..#######.............
###..#...........######.
#..))..@####.....# #.
#..#####.# #...# #..
#... #.## #..#######.#
...# #h.####..........
#. ##......######### #
#.###..### #.# #....# .
..# #..#.#### #. ####
#..#....###..


You could see a jackal.

Vanquished Creatures
  An orc wizard (D:4)
  2 orc priests (D:4)
  4 adders
  An ooze (D:2)
  A giant gecko (D:1)
  12 orcs
  A bat skeleton (D:4)
  6 giant cockroaches
  7 goblins
  5 hobgoblins
  3 jackals (D:3)
  7 kobolds
  A ball python (D:2)
  13 bats
  5 giant newts
  7 rats
76 creatures vanquished.

Notes
Turn   | Place    | Note
--------------------------------------------------------------
     0 | D:1      | namelastname112 the Draconian Skald began the quest for the Orb.
     0 | D:1      | Reached XP level 1. HP: 17/17 MP: 3/3
   169 | D:1      | Reached skill level 1 in Stealth
   171 | D:1      | Reached XP level 2. HP: 24/24 MP: 5/5
  1175 | D:2      | Reached XP level 3. HP: 22/30 MP: 6/6
  1842 | D:3      | Reached XP level 4. HP: 37/37 MP: 7/7
  1945 | D:3      | Reached skill level 3 in Short Blades
  2400 | D:3      | Found a faded altar to an unknown god.
  2830 | D:4      | Reached XP level 5. HP: 40/45 MP: 8/8
  3089 | D:4      | Gained mutation: You are weak. (Str -2) [potion of mutation]
  3089 | D:4      | Gained mutation: Your large and strong wings let you fly indefinitely. [potion of mutation]
  3089 | D:4      | Gained mutation: You expend magic power (3 MP) to strengthen your wands. [potion of mutation]
  3096 | D:4      | HP: 2/45 [poison (a potion of poison)]
  3101 | D:4      | Gained mutation: You are frail (-10% HP). [potion of mutation]
  3101 | D:4      | Gained mutation: Scrolls take you a little longer to read. [potion of mutation]
  3103 | D:4      | HP: 1/40 [poison (a potion of poison)]
  3107 | D:4      | Succumbed to poison (a potion of poison)

Vault maps used:
D:1:      saegor_arrival_simple_a, serial_park_tiny_pond, minmay_misc_feat_tiny
D:3:      ecumenical_altar_1, corexii_leaking_fountain, grunt_ministairs_4
D:4:      first_bread, minmay_bad_closet,
          nicolae_gozag_cash_rules_everything_around_me

Action                   |  1- 3 |  4- 6 || total
-------------------------+-------+-------++-------
Melee: Short sword       |    47 |       ||    47
       Dagger            |    50 |       ||    50
       Spear             |    78 |   105 ||   183
  Use: Potion            |       |     8 ||     8
 Stab: Sleeping          |     2 |     3 ||     5
  Eat: Chunk             |     3 |     3 ||     6
